Map: [ESL] Oceanborn

Players

Coffeeame (Coffee)

  • Race: Terran Terran
  • League: Grandmaster
  • Spawn Location: 5:00

DKZherO (herO) - Winner!

  • Race: Protoss Protoss
  • League: Master
  • Spawn Location: 11:00

Event: IEM Katowice 2024

VOD

Have the link to the VOD?

Description

Time

  • Played on: Dec. 6, 2023, 4:30 a.m.
  • Length: 11:25

All games in this series

Show
View Real Time Build Order
Export as new Build Order

Coffeeame Terran 

Build Orders:  

Get SALT Encoding   

  12  0:00  SCV  
  13  0:12  SCV  
  14  0:17  Supply Depot  
  14  0:24  SCV  
  15  0:38  SCV  
  15  0:40  Barracks  
  16  0:44  Refinery  
  16  0:50  SCV  
  16  0:54  Refinery  
  17  1:02  SCV  
  18  1:12  Supply Depot  
  18  1:15  SCV  
  19  1:27  Reaper  
  19  1:30  Orbital Command  
  20  1:45  Factory  
  20  1:56  SCV  
  20  2:00  Barracks Reactor  
  21  2:08  SCV  
  22  2:20  SCV  
  23  2:24  Command Center  
  23  2:30  Hellion  
  23  2:33  SCV  
  26  2:38  Reaper x2  
  28  2:45  Supply Depot, SCV  
  29  2:51  Hellion  
  31  3:02  Starport  
  31  3:07  SCV  
  31  3:10  Marine x2  
  36  3:13  Widow Mine  
  36  3:19  SCV  
  37  3:30  Marine x2  
  39  3:36  Widow Mine, SCV  
  42  3:43  Medivac  
  42  3:48  Marine x2, SCV  
  47  3:56  Orbital Command  
  47  4:00  Factory Tech Lab, SCV  
  48  4:06  Marine x2  
  49  4:10  Supply Depot  
  49  4:12  SCV  
  50  4:19  Siege Tank  
  50  4:22  Viking  
  54  4:25  Supply Depot  
  54  4:31  SCV x2, Marine x2  
  58  4:40  Supply Depot  
  58  4:43  SCV x2  
  60  4:51  Siege Tank  
  63  4:53  Viking  
  63  4:54  Marine x2  
  63  4:59  SCV x2, Supply Depot  
  69  5:11  SCV  
  69  5:12  Marine x2, SCV  
  69  5:13  Barracks  
  73  5:18  Refinery  
  73  5:19  Supply Depot  
  73  5:23  Siege Tank, SCV  
  73  5:24  SCV  
  78  5:31  Liberator  
  81  5:37  Engineering Bay  
  81  5:39  Marine x2  
  81  5:40  SCV x2  
  85  5:48  Supply Depot  
  85  5:52  Supply Depot  
  85  6:03  Bunker  
  85  6:05  Bunker  
  85  6:09  Marine  
  70  6:20  SCV  
  70  6:21  Command Center, SCV  
  70  6:22  Terran Infantry Weapons Level 1, Marine  
  69  6:26  Barracks Tech Lab  
  69  6:30  Barracks  
  68  6:33  Siege Tank  
  68  6:34  SCV  
  73  6:40  SCV  
  73  6:42  Refinery  
  73  6:43  Marine  
  73  6:45  Stimpack  
  73  6:46  SCV  
  75  6:55  SCV  
  75  6:56  Marine x2  
  75  7:01  Marine  
  78  7:05  Siege Tank, SCV  
  78  7:07  SCV  
  84  7:09  Starport Reactor  
  84  7:15  Barracks  
  84  7:16  Barracks  
  84  7:17  Marine x2, SCV  
  84  7:19  SCV, Marine  
  89  7:26  Missile Turret  
  89  7:28  Barracks Tech Lab  
  89  7:29  SCV  
  90  7:31  SCV  
  90  7:36  Marine  
  90  7:37  Marine  
  92  7:38  Marine  
  92  7:39  Siege Tank  
  92  7:41  SCV  
  92  7:44  SCV  
  99  7:47  Combat Shield  
  99  7:53  Marauder  
  99  7:54  Marine x2, SCV  
  99  7:56  Medivac x2, SCV  
  99  7:57  Marauder  
  112  7:58  Orbital Command  
  112  8:03  Barracks Reactor  
  112  8:04  Barracks Tech Lab  
  111  8:06  SCV  
  111  8:08  SCV  
  111  8:10  Supply Depot  
  111  8:12  Supply Depot  
  116  8:16  Terran Infantry Armor Level 1  
  116  8:18  SCV  
  114  8:20  SCV  
  114  8:25  Factory Reactor  
  113  8:27  Marauder  
  113  8:30  SCV  
  113  8:32  SCV  
  115  8:36  Supply Depot  
  115  8:40  Marine x4  
  122  8:41  Marauder x2  
  122  8:42  SCV  
  122  8:44  Refinery  
  122  8:45  Supply Depot, Refinery  
  122  8:46  Supply Depot  
  123  8:48  Supply Depot  
  123  8:50  Armory, SCV, Engineering Bay  
  123  8:51  Command Center, SCV  
  125  9:06  SCV x3  
  125  9:07  Marine x2, Marauder x2  
  125  9:08  Marine x2  
  136  9:10  Medivac x2  
  136  9:15  Sensor Tower  
  140  9:18  Marauder  
  140  9:19  SCV x2  
  140  9:24  Widow Mine x2  
  148  9:29  Marine x4  
  148  9:30  Marauder x2  
  156  9:35  Supply Depot  
  156  9:38  Supply Depot  
  156  9:41  Bunker  
  153  9:59  Marine x2, Marauder x3  
  160  10:00  Marine x2  
  160  10:02  Viking, Ghost Academy  
  160  10:03  Viking  
  167  10:18  Widow Mine x2  
  170  10:26  Marauder, Marine x2  
  170  10:27  Marine, Marauder x2  
  179  10:30  Barracks, Ghost Academy  
  179  10:31  Barracks  
  179  10:32  Barracks  
  177  10:51  Supply Depot  
  177  10:52  Supply Depot  
  177  10:53  Command Center  
  147  11:06  Marine  
Show
View Real Time Build Order
Export as new Build Order

DKZherO Protoss - Winner!

Build Orders: 1 Gate Expand, Phoenix Opening, Colossus Rush 

Get SALT Encoding   

  12  0:00  Probe  
  13  0:12  Probe  
  14  0:18  Pylon  
  14  0:24  Probe (Chrono Boost)  
  15  0:37  Probe (Chrono Boost)  
  15  0:39  Gateway  
  16  0:44  Probe (Chrono Boost)  
  16  0:49  Assimilator  
  17  0:51  Probe  
  18  1:03  Probe  
  19  1:15  Probe  
  20  1:26  Cybernetics Core  
  20  1:36  Nexus  
  20  1:42  Pylon  
  20  1:45  Probe  
  21  1:51  Assimilator  
  21  1:57  Probe  
  21  1:59  Adept (Chrono Boost)  
  23  2:10  Probe  
  24  2:22  Adept, Probe  
  27  2:27  Stargate  
  27  2:34  Probe  
  28  2:39  Warp Gate  
  28  2:44  Shield Battery  
  28  2:48  Probe (Chrono Boost)  
  28  2:51  Probe (Chrono Boost)  
  30  2:52  Adept  
  30  2:57  Probe (Chrono Boost)  
  33  3:01  Probe (Chrono Boost)  
  33  3:02  Probe (Chrono Boost)  
  35  3:10  Phoenix (Chrono Boost)  
  37  3:13  Probe  
  37  3:14  Probe  
  39  3:22  Pylon  
  39  3:25  Probe  
  39  3:26  Phoenix (Chrono Boost)  
  40  3:28  Probe  
  43  3:39  Probe  
  43  3:40  Probe  
  45  3:46  Phoenix (Chrono Boost)  
  45  3:47  Gateway  
  47  3:51  Probe  
  47  3:52  Probe  
  49  3:56  Assimilator  
  49  3:58  Assimilator  
  49  4:04  Probe x2  
  49  4:09  Robotics Facility  
  51  4:10  Phoenix  
  51  4:14  Pylon  
  51  4:16  Probe  
  54  4:22  Pylon  
  54  4:32  Probe  
  54  4:33  Probe  
  56  4:41  Nexus  
  56  4:43  Sentry  
  56  4:45  Probe x2  
  60  4:53  Immortal (Chrono Boost)  
  60  4:59  Robotics Bay  
  64  5:02  Probe  
  64  5:06  Sentry  
  67  5:08  Shield Battery, Pylon  
  67  5:24  Pylon  
  67  5:27  Immortal (Chrono Boost)  
  73  5:31  Stalker x2  
  75  5:36  Twilight Council  
  75  5:41  Shield Battery  
  75  5:44  Pylon  
  75  5:55  Colossus (Chrono Boost)  
  75  6:03  Zealot x2  
  75  6:04  Shield Battery  
  85  6:05  Extended Thermal Lance  
  75  6:22  Probe  
  75  6:23  Probe x2  
  78  6:28  Zealot x2  
  78  6:32  Colossus (Chrono Boost)  
  82  6:33  Forge  
  82  6:35  Charge  
  86  6:40  Probe x3  
  86  6:42  Phoenix (Chrono Boost)  
  91  6:52  Probe x2  
  91  6:53  Pylon, Probe  
  92  6:57  Phoenix (Chrono Boost)  
  92  7:05  Probe (Chrono Boost), Phoenix (Chrono Boost)  
  92  7:06  Probe (Chrono Boost)  
  92  7:08  Protoss Ground Weapons Level 1 (Chrono Boost), Probe (Chrono Boost)  
  97  7:12  Assimilator  
  97  7:13  Assimilator  
  97  7:15  Gateway  
  98  7:17  Sentry, Probe x2 (Chrono Boost)  
  98  7:20  Probe (Chrono Boost)  
  98  7:22  Colossus (Chrono Boost), Probe x2 (Chrono Boost)  
  102  7:29  Probe  
  111  7:30  Pylon  
  111  7:31  Probe  
  111  7:32  Probe  
  111  7:36  Phoenix  
  115  7:45  Gateway  
  115  7:46  Gateway  
  115  7:48  Probe  
  115  7:49  Probe x2  
  118  7:56  Pylon  
  118  8:01  Templar Archives, Phoenix  
  118  8:03  Nexus  
  120  8:06  Pylon  
  120  8:09  Sentry, Zealot  
  124  8:15  Probe x3  
  124  8:16  Pylon  
  127  8:26  Shield Battery, Immortal  
  129  8:40  Probe x2  
  129  8:41  Probe  
  132  8:45  Forge  
  132  8:47  High Templar x4  
  132  8:48  Zealot, Photon Cannon  
  142  8:51  Pylon  
  142  8:52  Archon x2  
  142  8:53  Gateway  
  142  8:54  Gateway  
  142  8:56  Gateway  
  142  8:57  Pylon  
  142  8:59  Protoss Ground Weapons Level 2 (Chrono Boost)  
  142  9:00  Photon Cannon  
  142  9:09  Warp Prism (Chrono Boost)  
  144  9:16  Blink  
  144  9:20  Probe  
  144  9:21  Protoss Ground Armor Level 1 (Chrono Boost)  
  144  9:23  Photon Cannon  
  145  9:27  High Templar x2, Zealot x3  
  155  9:33  Gateway  
  155  9:37  Gateway  
  155  9:43  Observer (Chrono Boost)  
  156  9:52  Nexus  
  156  9:53  Pylon  
  156  9:59  High Templar x2, Zealot x4  
  168  10:01  Pylon  
  168  10:02  Zealot  
  168  10:03  Zealot, Archon  
  168  10:05  Pylon  
  172  10:07  Pylon  
  172  10:09  Pylon  
  172  10:16  Pylon  
  172  10:26  Stalker x6  
  172  10:28  Zealot  
  186  10:31  Zealot x3  
  198  10:48  Archon  
  198  11:00  Zealot x10  
  198  11:01  Photon Cannon  
  149  11:21  Zealot x9  
  163  11:24  Zealot  

Tags
 
Add a new tag
Caveats
  • Supply blocks, unpowered buildings, or Contaminate may cause inaccurate times.
  • Supply counts are checked every 10 seconds.